 Dungeon Crawl Stone Soup version 0.19-a0-1015-ge643222 (webtiles) character file.

1080 HenryFlower the Basher (level 8, 0/64 HPs)
             Began as a Minotaur Fighter on July 24, 2016.
             Was a Believer of Okawaru.
             Succumbed to an orc wizard's poison
             ... on level 5 of the Dungeon.
             The game lasted 00:06:30 (4298 turns).

HenryFlower the Basher (Minotaur Fighter)           Turns: 4298, Time: 00:06:31

Health: 0/64       AC: 12    Str: 21    XL:     8   Next: 8%
Magic:  7/7        EV:  3    Int:  5    God:    Okawaru [**....]
Gold:   233        SH:  9    Dex: 12    Spells: 0 memorised, 7 levels left

rFire  . . .     SeeInvis .     a - +0 flail
rCold  . . .     Gourm    .     j - +0 plate armour
rNeg   . . .     Faith    .     c - +0 shield
rPois  .         Spirit   .     (helmet restricted)
rElec  .         Dismiss  .     (no cloak)
rCorr  .         Reflect  .     x - +0 pair of gloves
SustAt .         Harm     .     (no boots)
MR     .....                    (no amulet)
Stlth  ..........               (no ring)
                                (no ring)

@: lethally poisoned (0 -> -31), not resistant to hostile enchantments,
extremely unstealthy
A: retaliatory headbutt, horns 2
a: Heroism, Renounce Religion


You were on level 5 of the Dungeon.
You worshipped Okawaru.
Okawaru was pleased with you.
You were not hungry.

You visited 1 branch of the dungeon, and saw 5 of its levels.

You collected 233 gold pieces.

Inventory:

Hand Weapons
 a - a +0 flail (weapon)
Armour
 c - a +0 shield (worn)
 j - a +0 plate armour (worn)
 x - a +0 pair of gloves (worn)
Jewellery
 s - an uncursed ring of magical power
Scrolls
 k - 2 scrolls of fog {unknown}
 m - a scroll of random uselessness {unknown}
 n - a scroll of identify {unknown}
 q - a scroll of amnesia {unknown}
 r - a scroll of enchant weapon {unknown}
 t - a scroll of blinking {unknown}
 y - a scroll of remove curse {unknown}
Potions
 b - a potion of haste {unknown}
 d - a potion of might
 e - a potion of berserk rage {unknown}
 g - a potion of resistance {unknown}
 i - a potion of magic {unknown}
 o - a potion of flight {unknown}
 p - a potion of agility {unknown}
 v - a potion of invisibility {unknown}
Comestibles
 f - 3 bread rations
 h - 3 meat rations
 l - a beef jerky
 w - a royal jelly


   Skills:
 - Level 3.6 Fighting
 + Level 11.4 Maces & Flails
 - Level 3.6 Armour
 - Level 3.6 Shields


You had 7 spell levels left.
You didn't know any spells.

Dungeon Overview and Level Annotations

Branches:
Dungeon (6/15)             Temple (0/1) D:5

Altars:
Ashenzari
Fedhas
Hepliaklqana
Kikubaaqudgha
Nemelex Xobeh
Okawaru
Pakellas
Sif Muna
Trog
Vehumet
The Shining One


Innate Abilities, Weirdness & Mutations

You reflexively headbutt those who attack you in melee.
You have a pair of horns on your head.


Message History

* * * LOW HITPOINT WARNING * * *
You closely miss something.
You feel sick. Something hits you but does no damage.
You are lethally poisoned!
You miss something. You headbutt something.
* * * LOW HITPOINT WARNING * * *
You feel sick. Something hits you but does no damage.
You are more poisoned.
You miss something.
* * * LOW HITPOINT WARNING * * *
You feel sick. Something hits you but does no damage.
You are more poisoned.
Unknown command.
You miss something. Your headbutt misses something.
* * * LOW HITPOINT WARNING * * *
You feel sick. Something hits you but does no damage.
You are more poisoned.
Unknown command.
Your shield and plate armour prevent you from hitting something.
You die...

###.#.##.#.####### #......
###.#..[..#.## ######.##..
....#.#..###.# ### #......##..
#####.#...#.#######.###.####.....
#......................#.###.
###.<.#########.###.##.#.###.
#.#........#### #.......###
#...######{#### #.......# #.###
#..)@...# #.##.##.# #.# #.......#
#.##.##.# #.# #.......# #.##.##.#
#.## #.......# #.##.##.# #..#
#.......# #.......# ##.#
#.....>.# ####.####
####.####.......# #.#
#...)..########## #.# #.##.#.#
#.#


There were no monsters in sight!

Vanquished Creatures
  A black bear (D:6)
  An ice beast (D:5)
  A phantom (D:5)
  An ogre (D:5)
  A centaur (D:6)
  A water moccasin zombie (D:6)
  A scorpion (D:6)
  2 crimson imps
  A giant frog zombie (D:6)
  A hound (D:5)
  A jelly (D:6)
  2 orc priests
  4 orc wizards
  A worker ant (D:5)
  A killer bee zombie (D:6)
  A hound zombie (D:6)
  6 adders
  A shadow imp (D:6)
  An ooze (D:2)
  An adder skeleton (D:5)
  2 worms
  4 giant geckos
  10 orcs
  A bat (D:2)
  3 giant cockroaches
  6 goblins
  10 hobgoblins
  6 jackals
  7 kobolds
  2 quokkas
  3 ball pythons
  A giant gecko skeleton (D:5)
  4 giant newts
  A quokka skeleton (D:6)
  3 rats (D:1)
93 creatures vanquished.

Notes
Turn   | Place    | Note
-------+----------+-------------------------------------------
     0 | D:1      | HenryFlower the Minotaur Fighter began the quest for the Orb.
     0 | D:1      | Reached XP level 1. HP: 19/19 MP: 0/0
   136 | D:1      | Reached skill level 3 in Maces & Flails
   159 | D:1      | Reached XP level 2. HP: 25/26 MP: 1/1
   609 | D:1      | Reached skill level 4 in Maces & Flails
   865 | D:1      | Reached XP level 3. HP: 31/31 MP: 2/2
  1186 | D:2      | Reached skill level 5 in Maces & Flails
  1419 | D:2      | Found an oddly glowing altar of Pakellas.
  1422 | D:2      | Found an ancient bone altar of Kikubaaqudgha.
  1423 | D:2      | Found an iron altar of Okawaru.
  1424 | D:2      | Found a shattered altar of Ashenzari.
  1424 | D:2      | Found a bloodstained altar of Trog.
  1424 | D:2      | Found a hazy altar of Hepliaklqana.
  1424 | D:2      | Found a sparkling altar of Nemelex Xobeh.
  1425 | D:2      | Found a glowing golden altar of the Shining One.
  1426 | D:2      | Found a radiant altar of Vehumet.
  1429 | D:2      | Found a blossoming altar of Fedhas.
  1438 | D:2      | Became a worshipper of Warmaster Okawaru
  1840 | D:3      | Reached XP level 4. HP: 39/39 MP: 3/3
  2069 | D:3      | Found a deep blue altar of Sif Muna.
  2079 | D:3      | Reached skill level 6 in Maces & Flails
  2162 | D:3      | You fall through a shaft for 3 floors!
  2179 | D:6      | Reached XP level 5. HP: 21/45 MP: 4/4
  2415 | D:6      | Reached skill level 7 in Maces & Flails
  2497 | D:5      | Entered Level 5 of the Dungeon
  2735 | D:6      | Reached * piety under Okawaru
  2735 | D:6      | Reached XP level 6. HP: 43/51 MP: 5/5
  2941 | D:6      | Reached skill level 8 in Maces & Flails
  3229 | D:6      | Reached skill level 9 in Maces & Flails
  3484 | D:6      | Reached ** piety under Okawaru
  3484 | D:6      | Reached XP level 7. HP: 52/57 MP: 6/6
  3782 | D:5      | Reached skill level 10 in Maces & Flails
  4070 | D:5      | Found a staircase to the Ecumenical Temple.
  4121 | D:5      | Reached skill level 11 in Maces & Flails
  4121 | D:5      | Reached XP level 8. HP: 51/64 MP: 7/7
  4288 | D:5      | HP: 2/64 [something/puff of flame (6)]
  4297 | D:5      | HP: 3/64 [poisoned by an orc wizard]
  4298 | D:5      | Succumbed to an orc wizard's poison

Vault maps used:
D:1:      dpeg_arrival_round_b, minmay_strange_pillars
D:2:      minitemple
D:3:      first_bread, lemuel_statue_altar
D:6:      grunt_decor_cap, patterned_corridor

Skill      XL: |  1  2  3  4  5  6  7 |
---------------+----------------------+-----
Maces & Flails | 3 4 5 6 7 9 11 | 11.4
Fighting       | |  3.6
Armour         | |  3.6
Shields        | |  3.6

Action                   |  1- 3 |  4- 6 |  7- 9 || total
-------------------------+-------+-------+-------++-------
Melee: Flail             |   105 |   151 |   106 ||   362
       Headbutt          |    13 |    30 |    19 ||    62
  Use: Potion            |       |       |     3 ||     3
  Eat: Chunk             |     3 |     5 |     3 ||    11
Armor: Scale mail        |     8 |       |       ||     8
       Plate armour      |    38 |    89 |    57 ||   184
Dodge: Dodged            |    20 |    14 |    10 ||    44
Block: Shield            |    55 |    74 |    34 ||   163
